 Dungeon Crawl Stone Soup version 0.26-a0-812-g31a745ddcd (webtiles) character file.

Game seed: 3250137127145239990

55 graki42 the Conjurer (level 3, -6/19 HPs)
             Began as a Deep Elf Conjurer on Nov 17, 2020.
             Mangled by a worm (8 damage)
             ... on level 2 of the Dungeon.
             The game lasted 00:04:42 (2031 turns).

graki42 the Conjurer (Deep Elf Conjurer)            Turns: 2031, Time: 00:04:42

Health: -6/19      AC:  5    Str:  5    XL:     3   Next: 67%
Magic:  10/10      EV: 13    Int: 22    God:
Gold:   74         SH:  0    Dex: 13    Spells: 6/9 levels left

rFire    . . .     SeeInvis .   (no weapon)
rCold    + . .     Faith    .   (no shield)
rNeg     . . .     Spirit   .   a - +0 robe
rPois    .         Reflect  .   (no helmet)
rElec    .         Harm     .   (no cloak)
rCorr    .         Rampage  .   c - +0 pair of gloves
MR       .....                  (no boots)
Stlth    ++........             (no amulet)
HPRegen  0.06/turn              (no ring)
MPRegen  0.12/turn              (no ring)

@: lethally poisoned (-6 -> -9)
A: slimy green scales 1, cold resistance 1, sense surroundings 1
a: no special abilities


You were on level 2 of the Dungeon.
You visited 1 branch of the dungeon, and saw 3 of its levels.

You collected 74 gold pieces.

Inventory:

Armour
 a - a +0 robe (worn)
 c - a +0 pair of gloves (worn)
Jewellery
 e - an uncursed ring of protection from magic {unknown}
Scrolls
 b - a scroll of fog {unknown}
 d - a scroll of blinking {unknown}
 f - 5 scrolls of teleportation {unknown}
 g - 2 scrolls of remove curse {unknown}
 i - a scroll of enchant weapon {unknown}
 j - a scroll of identify {unknown}


   Skills:
 - Level 3.0 Dodging
 - Level 3.0 Stealth
 + Level 3.5 Spellcasting
 + Level 5.2 Conjurations


You had 6 spell levels left.
You knew the following spells:

 Your Spells              Type           Power        Failure   Level
a - Magic Dart            Conj           ####         1%          1
b - Searing Ray           Conj           ####..       1%          2

Your spell library contained the following spells:

 Spells                   Type           Power        Failure   Level
 Dazzling Flash           Conj/Hex       ###...       12%         3
 Fulminant Prism          Conj/Hex       ###.......   36%         4
 Iskenderun's Mystic Bla  Conj/Tloc      ###.....     36%         4


Dungeon Overview and Level Annotations

Branches:
Dungeon (3/15)

Altars:


Innate Abilities, Weirdness & Mutations

You are partially covered in slimy green scales. (AC +2)
Your flesh is cold resistant. (rC+)
You passively map a small area around you.


Message History

You feel sick.
* * * LOW HITPOINT WARNING * * *
You feel sick. The worm closely misses you.
There is a stone staircase leading down here.
* * * LOW HITPOINT WARNING * * *
You feel sick.
You climb downwards.
There is a stone staircase leading up here.
The worm bites you but does no damage.
You climb upwards.
* * * LOW HITPOINT WARNING * * *
You feel sick.
There is a stone staircase leading down here.
There is a lethal amount of poison in your body!
You hit the worm but do no damage. The worm barely misses you.
You hit the worm but do no damage. You hit the worm.
The worm is lightly wounded.
The worm bites you!
You die...

#<#### #......# ###.# #.#
###.#### #...# #.# #.### #.###
#.####### #...# #.# ###.......#
###.# #.# #......##.#####.## #.#
#.#.##.##.##.....## #.#
#)#.##.......w....###.########
#.#...(##.##.@........#....(.. #
#.#.##.##.##..##..#####.#####. #
#.......>.##.....## #.......
#####.#.#######....## #.......
.......#.# #...## #.##.#..
#####...## #...# #.##.#(. #....##
#...# ####....... #.#..# #...#
#.........)
###....########)..#####.##.......


You could see a worm.

Vanquished Creatures
  An ooze (D:1)
  A dart slug (D:1)
  A leopard gecko (D:1)
  A ball python (D:1)
  7 bats
  A giant cockroach (D:1)
  7 goblins
  8 hobgoblins
  A quokka (D:2)
  A frilled lizard (D:1)
  9 kobolds
  6 rats
44 creatures vanquished.

Notes
Turn   | Place    | Note
-------+----------+-------------------------------------------
     0 | D:1      | graki42 the Deep Elf Conjurer began the quest for the Orb.
     0 | D:1      | Reached XP level 1. HP: 10/10 MP: 6/6
   352 | D:1      | Reached XP level 2. HP: 15/15 MP: 4/8
   356 | D:1      | Learned a level 2 spell: Searing Ray
   432 | D:1      | Reached skill level 5 in Conjurations
   766 | D:1      | Reached XP level 3. HP: 19/19 MP: 5/9
  2012 | D:2      | Gained mutation: Your spells are a little harder to cast,
                  | but a little more powerful. [potion of mutation]
  2012 | D:2      | Gained mutation: You are partially covered in rugged brown
                  | scales. (AC +1, +3% HP) [potion of mutation]
  2017 | D:2      | Lost mutation: Your spells are a little harder to cast, but
                  | a little more powerful. [potion of mutation]
  2017 | D:2      | Gained mutation: You are robust. (+10% HP) [potion of
                  | mutation]
  2017 | D:2      | Lost mutation: You are robust. (+10% HP) [potion of
                  | mutation]
  2017 | D:2      | Gained mutation: You passively map a small area around you.
                  | [potion of mutation]
  2018 | D:2      | Lost mutation: You are partially covered in rugged brown
                  | scales. (AC +1, +3% HP) [potion of mutation]
  2018 | D:2      | Gained mutation: Your flesh is cold resistant. (rC+)
                  | [potion of mutation]
  2018 | D:2      | Gained mutation: You are partially covered in slimy green
                  | scales. (AC +2) [potion of mutation]
  2031 | D:2      | Mangled by a worm

Illustrated notes

Levels and vault maps discovered:
D:1:      kennysheep_arrival_seaside, layout_loops_corners, hex_medium,
          minmay_tromino_v4_c
D:2:      layout_loops_cross
D:3:      layout_basic, serial_bayou_lagoon_b

Skill      XL: |  1  2  3 |
---------------+----------+-----
Conjurations   | 5 |  5.2
Stealth        | 3 |  3.0
Dodging        | 3 |  3.0
Spellcasting   | |  3.5

Action                   || total
-------------------------++-------
Melee: Unarmed           ||     3
 Cast: Magic Dart        ||    72
  Use: Potion            ||     3
Armor: Robe              ||     2
Dodge: Dodged            ||     5

Table legend: (Time is in decaauts)
 A = Elapsed time spent in this place.
 B = Non-inter-level travel time spent in this place.
 C = Inter-level travel time spent in this place.
 D = Time resting spent in this place.
 E = Time spent auto-exploring this place.
 F = Levels seen in this place.
 G = Mean time per level.
                   A        B        C        D        E       F      G
               +--------+--------+--------+--------+--------+-----+--------+
         Total |   2033 |   1969 |     64 |      0 |   1796 |   3 |  677.7 |
       Dungeon |   2033 |   1969 |     64 |      0 |   1796 |   3 |  677.7 |
               +--------+--------+--------+--------+--------+-----+--------+

Top non-repeatable levels by time:
     D:1: 1267 daAuts
     D:2: 759 daAuts
     D:3: 6 daAuts
